 Dungeon Crawl Stone Soup version 0.30.0-29-ga12c61a403 (webtiles) character file.

Game seed: 7210433991401967509

24467 Fodor the Severer (level 12, -8/111 HPs)
             Began as a Minotaur Fighter on June 25, 2023.
             Was an Initiate of Gozag.
             Mangled by a skeletal warrior
             ... wielding a +0 dire flail
              (12 damage)
             ... on level 13 of the Dungeon on June 26, 2023.
             The game lasted 01:06:11 (14259 turns).

Fodor the Severer (Minotaur Fighter)               Turns: 14259, Time: 01:06:12

Health: -8/111     AC: 21    Str: 31    XL:     12   Next: 80%
Magic:  11/11      EV: 16    Int:  5    God:    Gozag
Gold:   2901       SH:  5    Dex: 11    Spells: 11/11 levels left

rFire   . . .        i - +4 battleaxe (flame)
rCold   . . .        (shield currently unavailable)
rNeg    . . .        a - +0 chain mail
rPois   .            (helmet restricted)
rElec   .            E - +2 cloak
rCorr   .            s - +0 pair of gloves
SInv    .            k - +2 pair of boots
Will    .....        K - amulet of reflection Stlth
                     n - +5 ring of evasion
HPRegen 0.38/turn    N - +6 ring of strength
MPRegen 0.12/turn

%: reflection
@: gold aura
A: horns 2, retaliatory headbutt
a: Renounce Religion, Potion Petition, Call Merchant, Bribe Branch


You were on level 13 of the Dungeon.
You worshipped Gozag.
Gozag was most pleased with you.
You visited 2 branches of the dungeon, and saw 14 of its levels.

You collected 3388 gold pieces.
You spent 380 gold pieces at shops.
You paid 107 gold pieces to Gozag.

Inventory:

Hand Weapons
 i - a +4 battleaxe of flaming (weapon)
 B - a +0 antimagic longbow
 M - the +1 quarterstaff of Diet Blood {speed, rPois Will+ rCorr Int-2}
   (You found it on level 11 of the Dungeon)

   Int:       It affects your intelligence (-2).
   rPois:     It protects you from poison.
   rCorr:     It protects you from acid and corrosion.
   Will:      It increases your willpower.
Missiles
 b - 4 javelins (quivered)
 f - 36 poisoned darts
 x - 2 curare-tipped darts
Armour
 a - a +0 chain mail (worn)
 k - a +2 pair of boots (worn)
 m - a scarf of repulsion
 s - a +0 pair of gloves (worn)
 w - the +1 scale mail of the Fiddle {*Corrode +Inv Will+ Str+4}
   (You found it on level 5 of the Dungeon)

   Str:       It affects your strength (+4).
   +Inv:      It lets you turn invisible.
   *Corrode:  It may corrode you when you take damage.
   Will:      It increases your willpower.
 E - a +2 cloak (worn)
 J - a +2 buckler
Jewellery
 j - a ring of protection from fire
 n - a +5 ring of evasion (left hand)
 C - a ring of flight
 K - an amulet of reflection (around neck)
 N - a +6 ring of strength (right hand)
Wands
 d - a wand of charming (21)
 q - a wand of acid (40)
 A - a wand of polymorph (14)
Scrolls
 g - a scroll of brand weapon
 l - 3 scrolls of fog
 o - a scroll of fear
 p - a scroll of immolation
 t - 2 scrolls of magic mapping
 u - 2 scrolls of teleportation
 v - 2 scrolls of vulnerability
 y - a scroll of amnesia
 O - 2 scrolls of identify
Potions
 c - a potion of haste
 e - 3 potions of berserk rage
 h - 2 potions of lignification
 r - 2 potions of mutation {unknown}
 z - a potion of cancellation {unknown}
 D - 2 potions of attraction
 F - 2 potions of might
 H - a potion of curing
 L - a potion of ambrosia {unknown}
Miscellaneous
 I - a phantom mirror
 P - a condenser vane


   Skills:
 + Level 11.7 Fighting
 + Level 5.2 Long Blades
 + Level 17.6 Axes
 + Level 0.4 Ranged Weapons
 + Level 1.9 Throwing
 + Level 12.4 Armour
 + Level 4.9 Dodging
 + Level 1.6 Stealth
 + Level 6.0 Shields


You had 11 spell levels left.
You didn't know any spells.
Your spell library contained the following spells:

 Spells                   Type           Power      Damage    Failure   Level
 Cigotuvi's Dreadful Rot  Necr/Pois/Air  0%         N/A       93%         2
 Scorch                   Fire           0%         2d5       93%         2
 Sublimation of Blood     Necr           0%         N/A       93%         2
 Wereblood                Tmut           0%         N/A       93%         2
 Inner Flame              Hex/Fire       0%         N/A       99%         3
 Dispel Undead            Necr           0%         3d6       100%        4
 Flame Wave               Conj/Fire      0%         2d4       100%        4
 Petrify                  Tmut/Erth      0%         N/A       100%        4
 Irradiate                Conj/Tmut      0%         3d11      100%        5
 Yara's Violent Unravell  Hex/Tmut       0%         3d3       100%        5
 Death Channel            Necr           0%         N/A       100%        6
 Summon Cactus Giant      Summ           0%         N/A       100%        6
 Enfeeble                 Hex            0%         N/A       100%        7
 Summon Hydra             Summ           0%         N/A       100%        7


Dungeon Overview and Level Annotations

Branches:
Dungeon (13/15)            Temple (1/1) D:4            Lair (0/5) D:8
    Orc (0/2) D:10
 Vaults: D:13-14

Altars:
Ashenzari
Cheibriados
Dithmenos
Elyvilon
Fedhas
Gozag
Hepliaklqana
Kikubaaqudgha
Makhleb
Nemelex Xobeh
Okawaru
Qazlal
Ru
Sif Muna
Trog
Uskayaw
Vehumet
Wu Jian
Xom
Yredelemnul
Zin
The Shining One

Shops:
D:2 ?

Portals:
Trove: D:11 (give horn of Geryon)


Innate Abilities, Weirdness & Mutations

You have a pair of horns on your head.
You reflexively headbutt those who attack you in melee.


Message History

The skeletal warrior hits you with a +0 dire flail.
Unknown command.
You slash the skeletal warrior! You burn the skeletal warrior.
Your headbutt misses the skeletal warrior.
The skeletal warrior is moderately damaged.
The skeletal warrior hits you with a +0 dire flail!
You hit the skeletal warrior but do no damage.
You headbutt the skeletal warrior, but do no damage.
The skeletal warrior is moderately damaged.
The skeletal warrior hits you with a +0 dire flail!
Unknown command.
You hit the skeletal warrior but do no damage.
The skeletal warrior is moderately damaged.
The skeletal warrior barely misses you.
You hit the skeletal warrior but do no damage.
The skeletal warrior is moderately damaged.
You closely miss the skeletal warrior.
Your headbutt misses the skeletal warrior.
The skeletal warrior is moderately damaged.
You block the skeletal warrior's attack.
Unknown command.
You hit the skeletal warrior. You burn the skeletal warrior.
The skeletal warrior is moderately damaged.
The skeletal warrior hits you with a +0 dire flail!
* * * LOW HITPOINT WARNING * * *
You completely miss the skeletal warrior.
The skeletal warrior is moderately damaged.
The skeletal warrior hits you but does no damage.
Unknown command.
You barely miss the skeletal warrior. You headbutt the skeletal warrior!
The skeletal warrior is heavily damaged.
The skeletal warrior hits you with a +0 dire flail!!
* * * LOW HITPOINT WARNING * * *
Okay, then.
You slash the skeletal warrior! You burn the skeletal warrior.
Your headbutt misses the skeletal warrior.
The skeletal warrior is severely damaged.
The skeletal warrior hits you with a +0 dire flail!
You die...
Your body crumbles into a pile of gold.

## ##...
######################.....
#...........§§§§§§.........
#.[..........§§§z§.........
#)...........§§§@..........
#...##+####..§§§§...###...#######
#(..+ #.§.§.....+.# ..#.....#
....# #....)#'###.#####.....#
....# #.....#...............#
....# #.....#...#####.......#
....# #.....#...# #.......#
....#######.....#...# #.....###
..............###...# +.....#


You could see a skeletal warrior.

Vanquished Creatures
  2 centaur warriors (D:13)
  2 two-headed ogres
  A boulder beetle (D:12)
  2 skeletal warriors (D:13)
  A deep elf pyromancer (D:13)
  2 ugly things (D:13)
  2 manticores
  4 cyclopes
  A black mamba (shapeshifter) (D:13)
  Maurice (D:8)
  5 slime creatures (D:12)
  A komodo dragon (D:12)
  A rime drake (D:8)
  A queen bee (D:8)
  2 polar bears (D:13)
  5 trolls
  Prince Ribbit (D:8)
  A hornet (D:9)
  6 wraiths
  A wyvern (D:9)
  A vampire (D:12)
  3 shadows
  2 vampire mosquitoes (D:10)
  27 yaks
  A steam dragon (D:10)
  A water moccasin (D:8)
  4 black bears
  3 orc warriors
  7 ice beasts
  2 sky beasts
  4 wolves (D:8)
  8 centaurs
  4 ogres
  4 kobold brigands
  2 phantoms
  3 bullfrogs
  A gnoll sergeant (D:9)
  3 scorpions
  10 wights
  29 killer bees
  8 howler monkeys
  Crazy Yiuf (D:7)
  A hound (D:4)
  7 orc priests
  A gnoll bouda (D:4)
  A jelly (D:6)
  5 iguanas
  A sleepcap (D:3)
  11 orc wizards
  6 ogre zombies (D:10)
  10 gnolls
  7 adders
  A shadow imp (D:6)
  2 white imps
  3 ufetubi (D:6)
  4 worms (D:2)
  4 dart slugs
  29 orcs
  5 ball pythons
  4 endoplasms
  4 giant cockroaches
  3 goblins
  5 hobgoblins
  A quokka (D:5)
  5 bats
  3 frilled lizards
  A goblin skeleton (D:10)
  5 goblin zombies (D:10)
  A hobgoblin skeleton (D:10)
  A hobgoblin zombie (D:10)
  27 kobolds
  2 orc skeletons (D:10)
  9 orc zombies (D:10)
  2 rats (D:2)
341 creatures vanquished.

Notes
Turn   | Place    | Note
-------+----------+-------------------------------------------
     0 | D:1      | Fodor the Minotaur Fighter began the quest for the Orb.
     0 | D:1      | Reached XP level 1. HP: 19/19 MP: 0/0
   435 | D:1      | Found a faded altar of an unknown god.
   441 | D:1      | Reached XP level 2. HP: 25/27 MP: 1/1
   748 | D:2      | Found Goyraid's Magic Scroll Boutique.
   781 | D:2      | Bought a scroll of identify for 20 gold pieces
   781 | D:2      | Bought a scroll of identify for 20 gold pieces
  1024 | D:2      | Reached XP level 3. HP: 33/33 MP: 2/2
  1194 | D:2      | Reached skill level 1 in Dodging
  1210 | D:2      | Reached XP level 4. HP: 17/40 MP: 3/3
  1847 | D:3      | Found a shimmering blue altar of Sif Muna.
  2309 | D:4      | Noticed a phantom
  2310 | D:4      | Noticed an ogre
  2338 | D:5      | Entered Level 5 of the Dungeon
  2338 | D:5      | Noticed a scorpion
  2347 | D:5      | Killed a phantom
  2348 | D:5      | Reached XP level 5. HP: 21/47 MP: 4/4
  2359 | D:4      | HP: 2/47 [adder (3)]
  2389 | D:5      | Reached skill level 5 in Armour
  2391 | D:4      | Killed an ogre
  2392 | D:4      | Reached skill level 5 in Long Blades
  2392 | D:4      | Reached XP level 6. HP: 6/53 MP: 5/5
  2815 | D:4      | Found a staircase to the Ecumenical Temple.
  2825 | Temple   | Entered the Ecumenical Temple
  2837 | Temple   | Became a worshipper of Gozag Ym Sagoz the Greedy
  2938 | D:4      | Found a snail-covered altar of Cheibriados.
  3098 | D:4      | Found a glowing silver altar of Zin.
  3117 | D:4      | Reached skill level 5 in Fighting
  3119 | D:4      | Reached skill level 5 in Shields
  3535 | D:4      | Noticed an orc warrior
  3543 | D:4      | Killed an orc warrior
  3544 | D:4      | Reached skill level 1 in Axes
  3544 | D:4      | Reached XP level 7. HP: 34/61 MP: 6/6
  3708 | D:5      | Reached skill level 2 in Axes
  3726 | D:5      | Reached skill level 3 in Axes
  4235 | D:2      | Bought a scroll of magic mapping for 75 gold pieces
  4235 | D:2      | Bought a scroll of enchant armour for 75 gold pieces
  4235 | D:2      | Bought a scroll of enchant weapon for 75 gold pieces
  4235 | D:2      | Bought a scroll of vulnerability for 40 gold pieces
  4235 | D:2      | Bought a scroll of enchant weapon for 75 gold pieces
  4314 | D:5      | Reached skill level 4 in Axes
  4519 | D:5      | Reached XP level 8. HP: 44/70 MP: 7/7
  4614 | D:5      | Identified the +1 scale mail of the Fiddle {*Corrode +Inv
                  | Will+ Str+4}
  4729 | D:5      | Found a basalt altar of Yredelemnul.
  4729 | D:5      | Found a sparkling altar of Nemelex Xobeh.
  4736 | D:5      | Found a faded altar of an unknown god.
  4741 | D:5      | Reached skill level 5 in Axes
  4741 | D:5      | Found a burning altar of Makhleb.
  4743 | D:5      | Found a faded altar of an unknown god.
  4889 | D:6      | Reached skill level 6 in Axes
  5244 | D:6      | Reached skill level 7 in Axes
  5646 | D:6      | Reached skill level 8 in Axes
  5646 | D:6      | Reached XP level 9. HP: 76/78 MP: 8/8
  5737 | D:6      | Found a radiant altar of Vehumet.
  6227 | D:7      | Reached skill level 9 in Axes
  6386 | D:7      | Reached skill level 10 in Axes
  6515 | D:7      | Found a runed translucent door.
  6518 | D:7      | Noticed Crazy Yiuf
  6524 | D:7      | Killed Crazy Yiuf
  6711 | D:8      | Reached skill level 11 in Axes
  6721 | D:8      | Reached XP level 10. HP: 84/88 MP: 9/9
  6774 | D:8      | Noticed Prince Ribbit
  6799 | D:8      | Killed Prince Ribbit
  6800 | D:8      | Reached skill level 12 in Axes
  6935 | D:8      | Found a staircase to the Lair.
  6940 | D:8      | Identified the +4 hand axe of Fortitude {vamp, Int+5}
  7375 | D:8      | Noticed Maurice
  7401 | D:8      | Reached skill level 13 in Axes
  7480 | D:8      | Killed Maurice
  7481 | D:8      | Reached skill level 1 in Throwing
  7833 | D:8      | Reached skill level 10 in Armour
  8097 | D:8      | Identified the +5 short sword of the Jester {drain, rElec
                  | rC+ Dex-3}
  8445 | D:9      | Reached XP level 11. HP: 71/97 MP: 10/10
  8632 | D:9      | Reached skill level 14 in Axes
  9015 | D:10     | Entered Level 10 of the Dungeon
  9430 | D:10     | Reached skill level 15 in Axes
  9932 | D:10     | Found a staircase to the Orcish Mines.
 10563 | D:11     | Reached skill level 1 in Stealth
 10707 | D:11     | Identified the +1 quarterstaff of Diet Blood {speed, rPois
                  | Will+ rCorr Int-2}
 10775 | D:11     | Found a portal to a secret trove of treasure.
 10815 | D:11     | Found a glowing golden altar of the Shining One.
 10869 | D:11     | Reached skill level 10 in Fighting
 10911 | D:11     | Noticed a two-headed ogre
 10921 | D:11     | Killed a two-headed ogre
 11105 | D:11     | Reached skill level 16 in Axes
 11693 | D:12     | Noticed a two-headed ogre
 11699 | D:12     | Killed a two-headed ogre
 11700 | D:12     | Reached XP level 12. HP: 7/107 MP: 11/11
 12738 | D:12     | Noticed a boulder beetle
 12760 | D:12     | Killed a boulder beetle
 13107 | D:13     | Found a bloodstained altar of Trog.
 13169 | D:13     | Noticed a centaur warrior
 13180 | D:13     | Reached skill level 17 in Axes
 13459 | D:13     | Killed a centaur warrior
 13530 | D:13     | Noticed a centaur warrior
 13540 | D:13     | Killed a centaur warrior
 13762 | D:13     | HP: 4/110 [skeletal warrior/+0 dire flail (3)]
 14258 | D:13     | HP: 3/111 [skeletal warrior/+0 dire flail (21)]
 14259 | D:13     | Mangled by a skeletal warrior

Illustrated notes

Levels and vault maps discovered:
D:1:      nzn_arrival_depleted_hourglass, layout_basic,
          shapermc_ecumenical_altar_starsandcircs
D:2:      layout_loops_ring, serial_shops, shop, hangedman_decor_points
D:3:      layout_loops_ring, led_sif_book
D:4:      layout_basic, lemuel_round_altar, amcnicky_altar_gilded,
          minmay_temple_entry_poolview, serial_glass, glass_columns_b,
          glass_columns_a, glass_columns_b, glass_columns_c, glass_columns_b,
          glass_columns_a, glass_columns_a, glass_columns_b,
          nicolae_nh_ransacked_shop
D:5:      layout_gridville, chequers_temple_overflow_minitemple
D:6:      layout_gridville, mainiacjoe_overflow_alcove_4, minmay_misc_feat_iff
D:7:      layout_basic, uniq_crazy_yiuf_cottage
D:8:      layout_loops_corners, hellmonk_lair_entry_icy,
          minmay_misc_feat_ornament, nicolae_looking_at_the_future,
          uniq_prince_ribbit1, uniq_maurice
D:9:      layout_rooms
D:10:     layout_irregular_city, zombieorc1_lemuel
D:11:     layout_loops_ring, nicolae_trove_entry_crystal, tso_altar
D:12:     layout_loops_corners, amcnicky_mini_corridor_feature,
          kennysheep_another_room
D:13:     layout_irregular_city, trog_ov_bears_minmay, uniq_snorg
Temple:   hellmonk_temple_two_chambers

Skill      XL: |  1  2  3  4  5  6  7  8  9 10 11 12 |
---------------+-------------------------------------+-----
Armour         | 4 5 6 8 9 10 11 12 | 12.4
Fighting       | 4 5 6 7 9 10 11 | 11.7
Shields        | 4 5 6 |  6.0
Long Blades    | 3 4 5 |  5.2
Dodging        | 1 2 3 4 |  4.9
Axes           | 1 4 8 11 13 16 17 | 17.6
Throwing       | 1 |  1.9
Stealth        | 1 |  1.6
Ranged Weapons | |  0.4

Action                     |  1- 3 |  4- 6 |  7- 9 | 10-12 || total
---------------------------+-------+-------+-------+-------++-------
  Melee: Long sword        |    75 |    43 |       |       ||   118
         Headbutt          |     7 |    13 |    28 |   104 ||   152
         Battleaxe         |       |    33 |   165 |   500 ||   698
   Fire: Shortbow          |       |       |       |     1 ||     1
         Longbow           |       |       |       |     3 ||     3
  Throw: Dart              |       |     3 |       |       ||     3
         Javelin           |       |       |     2 |    18 ||    20
  Evoke: Phantom mirror    |       |       |       |     1 ||     1
    Use: Potion            |     1 |     3 |     2 |     2 ||     8
         Scroll            |       |    12 |     5 |    14 ||    31
   Stab: Distracted        |       |       |       |     7 ||     7
 Armour: Scale mail        |    15 |    50 |       |       ||    65
         Chain mail        |       |       |    93 |   229 ||   322
  Dodge: Dodged            |    64 |   111 |   163 |   386 ||   724
         Repelled          |     2 |       |     1 |       ||     3
  Block: Buckler           |    20 |    16 |       |       ||    36
         Other             |       |       |       |    58 ||    58
         Reflection        |       |       |       |     6 ||     6
